cohdb
Replays
Latest Replays
All Replays
Popular Replays
Top Player Replays
Match Explorer
How It Works
Community
CoH3 Stats
Reddit
Sign in to upload your games and track your stats! →
Sign in with Steam
Match 41529674
Unlisted
Match 41529674
Overview
Messages
Build Orders
End
Construct Barracks
Selects Airborne Battlegroup
Selects Heavy Machine Gun Paradrop
Riflemen Squad
Riflemen Squad
Heavy Machine Gun Paradrop
Construct Medical Station
Grenade Package
Selects Paratrooper Squad Paradrop
Paratrooper Squad Paradrop
Air Support Center
P-47 Strafing Run
P-47 Dive Bomb
Engineer Squad
Construct Tank Depot
Heavy Machine Gun Paradrop
P-47 Strafing Run
Riflemen Squad
M1918 Browning Automatic Rifles
Riflemen Squad
M4A1 Sherman Medium Tank
Grasshopper Recon Run
Paratrooper Squad Paradrop
P-47 Dive Bomb
M18 Hellcat Tank Destroyer
Grasshopper Recon Run
Riflemen Squad
M18 Hellcat Tank Destroyer
Grasshopper Recon Run
Selects Recon Loiter
Selects Paradrop Reinforcements
Selects Carpet Bombing Run
Riflemen Squad
Grasshopper Recon Run
M18 Hellcat Tank Destroyer
F-force
Nubbl0r
0
0
Comments
sign in to comment!
No comments posted yet!